 Dungeon Crawl Stone Soup version 0.29.1-15-g9cfb28693d (webtiles) character file.

Game seed: 2002671407646469675

151 Smoke131 the Sneak (level 5, 0/29 HPs)
             Began as a Vampire Enchanter on Feb 21, 2023.
             Killed by divine providence
             ... invoked by an orc priest
              (13 damage)
             ... on level 3 of the Dungeon.
             The game lasted 00:05:30 (2671 turns).

Smoke131 the Sneak (Vampire Enchanter)              Turns: 2671, Time: 00:05:30

Health: 0/29       AC:  2    Str:  7    XL:     5   Next: 10%
Magic:  2/9        EV: 17    Int: 18    God:
Gold:   110        SH:  5    Dex: 16    Spells: 1/9 levels left

rFire   . . .      SeeInvis +   j - +0 rapier
rCold   + + .      Faith    .   (no shield)
rNeg    + + +      Spirit   .   b - +0 robe
rPois   ∞          Reflect  +   (no helmet)
rElec   .          Harm     .   (no cloak)
rCorr   .          Rampage  .   (no gloves)
Will    .....                   (no boots)
Stlth   +++++.....              f - amulet of reflection
HPRegen 0.00/turn               n - +4 ring of evasion
MPRegen 0.11/turn               (no ring)

@: bloodless, inhibited regen
A: bloodless, fangs 3, see invisible, vampiric 2
a: Bat Form, Revivify


You were on level 3 of the Dungeon.
You visited 1 branch of the dungeon, and saw 3 of its levels.

You collected 110 gold pieces.

Inventory:

Hand Weapons
 a - a +1 dagger
 j - a +0 rapier (weapon)
Armour
 b - a +0 robe (worn)
Jewellery
 f - an amulet of reflection (around neck)
 n - a +4 ring of evasion (left hand)
Scrolls
 g - 2 scrolls of noise {unknown}
 h - a scroll of magic mapping {unknown}
 k - a scroll of teleportation {unknown}
 l - 2 scrolls of identify {unknown}
Potions
 c - a potion of invisibility
 d - a potion of mutation {unknown}
 e - 2 potions of curing {unknown}
 i - a potion of might {unknown}
 m - a potion of haste {unknown}
 o - a potion of ambrosia {unknown}
 p - a potion of resistance {unknown}


   Skills:
 + Level 1.4 Fighting
 - Level 1.1 Short Blades
 + Level 3.1 Dodging
 + Level 5.5 Stealth
 + Level 2.7 Spellcasting
 + Level 5.3 Hexes
 + Level 1.2 Ice Magic


You had one spell level left.
You knew the following spells:

 Your Spells              Type           Power      Damage    Failure   Level
a - Ensorcelled Hibernat  Hex/Ice        28%        N/A       7%          2
b - Confusing Touch       Hex            21%        N/A       5%          3
c - Tukima's Dance        Hex            21%        N/A       5%          3

Your spell library contained the following spells:

 Spells                   Type           Power      Damage    Failure   Level
 Dazzling Flash           Conj/Hex       24%        N/A       17%         3


Dungeon Overview and Level Annotations

Branches:
Dungeon (3/15)

Altars:
Nemelex Xobeh


Innate Abilities, Weirdness & Mutations

You do not regenerate when monsters are visible.
You are frail without blood (-20% HP).
You can heal yourself when you bite living creatures.
You are immune to poison.
You have razor-sharp teeth.
You have supernaturally acute eyesight. (SInv)
You are afflicted with vampirism and can become a bat while bloodless.


Message History

Casting: Ensorcelled Hibernation (safe; 7% risk of failure)
Confirm with . or Enter, or press ? or * to list all spells.
Aiming: Ensorcelled Hibernation (safe; 7% risk of failure)
Press: ? - help, Shift-Dir - straight line, f/p - orc
Aim: an orc, wielding a +0 flail and wearing a +0 chain mail (lightly wounded, chance to affect: 65%)
The orc looks drowsy...
The helpless orc fails to defend itself.
You bite the orc, and draw its blood!
You feel better.
You puncture the orc!
You kill the orc!
The orc priest invokes the aid of Beogh against you.
Beogh smites you!
Casting: Ensorcelled Hibernation (safe; 7% risk of failure)
Confirm with . or Enter, or press ? or * to list all spells.
Aiming: Ensorcelled Hibernation (safe; 7% risk of failure)
Press: ? - help, Shift-Dir - straight line, f - orc priest
Aim: an orc priest, wielding a +0 war axe and wearing a +0 chain mail (chance to affect: 48%)
The orc priest looks drowsy...
Items here: ( ))) [.
The helpless orc priest fails to defend itself.
You bite the orc priest, and draw its blood!
You feel better.
You hit the orc priest. Your bite misses the orc priest.
The orc priest is lightly wounded.
The orc priest hits you with a +0 war axe!
Casting: Ensorcelled Hibernation (safe; 7% risk of failure)
Confirm with . or Enter, or press ? or * to list all spells.
You don't have enough magic to cast this spell.
Unknown command.
Unknown command.
The orc priest attacks as you move away!
You block the orc priest's attack.
Your magical contamination has completely faded away.
Casting: Ensorcelled Hibernation (safe; 7% risk of failure)
Confirm with . or Enter, or press ? or * to list all spells.
Aiming: Ensorcelled Hibernation (safe; 7% risk of failure)
Press: ? - help, Shift-Dir - straight line, f - you, p - orc priest That would be overly suicidal.
Okay, then.
The orc priest mumbles some strange prayers to Beogh against you.
Beogh smites you!
You die...

################
#..)o.@).......#
#.############.# #.# ##.##
.............######.#.#######
.b#####.#.#........###.......
#o#...~~~...#.#.##.#### #.#
.~~8~~.###.##...### #o#
##########......... ..#
.............###


You could see an orc priest.

Vanquished Creatures
  An orc priest (D:3)
  6 adders (D:2)
  3 worms (D:2)
  2 dart slugs
  6 orcs
  3 endoplasms (D:1)
  3 giant cockroaches
  3 goblins
  4 hobgoblins
  2 jackals (D:1)
  4 kobolds
  2 quokkas (D:1)
  3 ball pythons
  2 bats
  3 frilled lizards
  4 rats
51 creatures vanquished.

Notes
Turn   | Place    | Note
-------+----------+-------------------------------------------
     0 | D:1      | Smoke131 the Vampire Enchanter began the quest for the Orb.
     0 | D:1      | Reached XP level 1. HP: 13/13 MP: 3/3
   214 | D:1      | Reached XP level 2. HP: 11/16 MP: 5/5
   331 | D:1      | Found a faded altar of an unknown god.
  1454 | D:1      | Learned a level 2 spell: Ensorcelled Hibernation
  1459 | D:2      | Gained mutation: You are afflicted with vampirism and can
                  | become a bat while bloodless. [Vampire growth]
  1459 | D:2      | Reached XP level 3. HP: 20/20 MP: 6/6
  1684 | D:2      | Reached skill level 5 in Stealth
  1753 | D:2      | Reached skill level 1 in Fighting
  1889 | D:2      | Reached skill level 5 in Hexes
  1985 | D:2      | Found a sparkling altar of Nemelex Xobeh.
  1995 | D:2      | Reached XP level 4. HP: 25/25 MP: 7/7
  2361 | D:2      | Learned a level 3 spell: Confusing Touch
  2365 | D:2      | Learned a level 3 spell: Tukima's Dance
  2394 | D:2      | Reached skill level 1 in Ice Magic
  2550 | D:3      | Reached XP level 5. HP: 25/29 MP: 3/9
  2671 | D:3      | Killed from afar by an orc priest

Illustrated notes

Levels and vault maps discovered:
D:1:      mrwooster_arrival_statue_2, layout_basic,
          shapermc_ecumenical_altar_mp_urbaneastern,
          chequers_serial_rivers_micro_d
D:2:      layout_basic, minmay_hexomino_r4
D:3:      layout_loops_ring, gammafunk_ghost_smash, moated_statue,
          kennysheep_generic_room_5

Skill      XL: |  1  2  3  4 |
---------------+-------------+-----
Stealth        | 5 |  5.5
Fighting       | 1 |  1.4
Hexes          | 5 |  5.3
Dodging        | 3 |  3.1
Ice Magic      | 1 |  1.2
Short Blades   | |  1.1
Spellcasting   | |  2.7

Action                   |  1- 3 |  4- 6 || total
-------------------------+-------+-------++-------
Melee: Dagger            |    61 |       ||    61
       Bite              |     4 |     2 ||     6
       Punch             |     1 |       ||     1
       Rapier            |     8 |    46 ||    54
 Cast: Ensorcelled Hiber |     2 |     5 ||     7
       Confusing Touch   |       |     1 ||     1
 Abil: Exsanguinate      |     1 |       ||     1
  Use: Potion            |       |     1 ||     1
 Stab: Sleeping          |    22 |     9 ||    31
       Confused          |       |     2 ||     2
       Invisible         |       |     1 ||     1
Armor: Robe              |     4 |     1 ||     5
Dodge: Dodged            |    26 |    32 ||    58
Block: Other             |     7 |    12 ||    19
